 Dungeon Crawl Stone Soup version 0.27-a0-1189-gb8eb6cee8e (webtiles) character file.

Game seed: 16515889374874617832

152 leviel the Grave Robber (level 5, -2/35 HPs)
             Began as a Mummy Necromancer on May 22, 2021.
             Was a Follower of Sif Muna.
             Slain by a gnoll
             ... wielding a +0 whip
              (5 damage)
             ... on level 3 of the Dungeon.
             The game lasted 00:11:26 (3884 turns).

leviel the Grave Robber (Mummy Necromancer)         Turns: 3884, Time: 00:11:28

Health: -2/35      AC:  2    Str: 12    XL:     5   Next: 11%
Magic:  1/11       EV: 11    Int: 15    God:    Sif Muna [*.....]
Gold:   104        SH:  5    Dex: 12    Spells: 10/12 levels left

rFire    x . .     SeeInvis .   g - +0 dagger
rCold    + . .     Faith    .   d - +2 buckler
rNeg     + + +     Spirit   .   a - +0 robe
rPois    ∞         Reflect  .   (no helmet)
rElec    .         Harm     .   (no cloak)
rCorr    .         Rampage  .   (no gloves)
Will     .....                  (no boots)
Stlth    ++........             (no amulet)
HPRegen  0.11/turn              (no ring)
MPRegen  0.12/turn              (no ring)

@: no status effects
A: cold resistance 1, negative energy resistance 3, torment resistance 2, heat
vulnerability 1, no potions
a: Renounce Religion, Channel Magic


You were on level 3 of the Dungeon.
You worshipped Sif Muna.
Sif Muna was aware of your devotion.
You visited 1 branch of the dungeon, and saw 3 of its levels.

You collected 104 gold pieces.

Inventory:

Hand Weapons
 g - a +0 dagger (weapon)
Armour
 a - a +0 robe (worn)
 d - a +2 buckler (worn)
Jewellery
 c - a ring of ice
Scrolls
 b - 2 scrolls of identify {unknown}
 e - a scroll of teleportation {unknown}


   Skills:
 + Level 2.1 Dodging
 + Level 2.2 Stealth
 + Level 1.0 Shields
 + Level 4.1 Spellcasting
 + Level 4.9 Necromancy
 + Level 0.4 Invocations


You had 10 spell levels left.
You knew the following spells:

 Your Spells              Type           Power      Damage    Failure   Level
a - Pain                  Necr           72%        1d7       3%          1
b - Magic Dart            Conj           12%        1d3       26%         1

Your spell library contained the following spells:

 Spells                   Type           Power      Damage    Failure   Level
 Animate Skeleton         Necr           36%        N/A       3%          1
 Vampiric Draining        Necr           9%         2d7       10%         3
 Animate Dead             Necr           9%         N/A       32%         4
 Blink                    Tloc           N/A        N/A       36%         2
 Call Imp                 Summ           3%         N/A       36%         2
 Slow                     Hex            3%         N/A       36%         2
 Conjure Flame            Conj/Fire      3%         6-21      61%         3
 Mephitic Cloud           Conj/Pois/Air  3%         N/A       61%         3
 Agony                    Necr           18%        N/A       67%         5


Dungeon Overview and Level Annotations

Branches:
Dungeon (3/15)

Altars:
Sif Muna

Shops:
D:1 ==[[=


Innate Abilities, Weirdness & Mutations

You are immune to poison.
Your flesh is cold resistant. (rC+)
You are immune to negative energy. (rN+++)
You are immune to unholy pain and torment.
You are vulnerable to heat. (rF-)
You do not drink.


Message History

Aiming: Pain (safe; 3% risk of failure)
Press: ? - help, Q - select action, (/) - cycle Shift-Dir - straight line, f/p - gnoll
Aim: a gnoll, wielding a +0 whip (heavily wounded, chance to affect: 84%)
The gnoll writhes in agony.
The gnoll hits you from afar with a +0 spear.
The gnoll hits you with a +0 whip.
Aiming: Pain (safe; 3% risk of failure)
Press: ? - help, Q - select action, (/) - cycle Shift-Dir - straight line, f/p - gnoll
Aim: a gnoll, wielding a +0 whip (severely wounded, chance to affect: 84%)
Okay, then.
Aiming: Pain (safe; 3% risk of failure)
Press: ? - help, Q - select action, (/) - cycle Shift-Dir - straight line, f/p - gnoll
Aim: a gnoll, wielding a +0 whip (severely wounded, chance to affect: 84%)
The gnoll writhes in agony.
You block the gnoll's attack.
Aiming: Pain (safe; 3% risk of failure)
Press: ? - help, Q - select action, (/) - cycle Shift-Dir - straight line, p - gnoll Nothing appears to happen.
The gnoll misses you. The gnoll barely misses you.
Unknown command.
You hit the gnoll but do no damage.
The gnoll is severely wounded.
The gnoll barely misses you. The gnoll hits you with a +0 whip.
* * * LOW HITPOINT WARNING * * *
The gnoll misses you. The gnoll misses you.
You are too injured to fight recklessly!
Aiming: Pain (safe; 3% risk of failure)
Press: ? - help, Q - select action, (/) - cycle Shift-Dir - straight line, f - gnoll
Aim: a gnoll, wielding a +0 whip (heavily wounded, chance to affect: 84%)
The gnoll writhes in agony.
The gnoll hits you with a +0 whip.
* * * LOW HITPOINT WARNING * * *
Unknown command.
Aiming: Pain (safe; 3% risk of failure)
Press: ? - help, Q - select action, (/) - cycle Shift-Dir - straight line, f/p - gnoll
Aim: a gnoll, wielding a +0 whip (severely wounded, chance to affect: 84%)
The gnoll barely resists.
The gnoll hits you with a +0 whip.
You die...

###.#####.#####
#..............
##.#.#####.#####
###....##........#
#............###.#
#.#...######## #.#
#g##.## #.# #g##.#
#.# #@##.# #.#
#.##.# #.# ####.##.#
#.# #.#. ..#.##.#
#.. ... #.###### ###
#.# #!#..### #
#.#####......### #
#.....#.#......### #
#..†..#.#+#......###
#


You could see 2 gnolls.

Vanquished Creatures
  2 gnolls (D:3)
  5 adders
  2 worms (D:3)
  2 dart slugs
  4 orcs (D:3)
  7 bats
  9 endoplasms
  2 giant cockroaches
  4 goblins (D:2)
  9 hobgoblins
  2 jackals (D:3)
  7 kobolds
  3 quokkas
  7 ball pythons
  3 frilled lizards
  5 rats
73 creatures vanquished.

Notes
Turn   | Place    | Note
-------+----------+-------------------------------------------
     0 | D:1      | leviel the Mummy Necromancer began the quest for the Orb.
     0 | D:1      | Reached XP level 1. HP: 13/13 MP: 4/4
   337 | D:1      | Reached XP level 2. HP: 19/19 MP: 2/5
   392 | D:1      | Found Pesch's Jewellery Boutique.
   569 | D:1      | Found Owokh's Jewellery Emporium.
   849 | D:1      | Found Gacreot's Jewellery Boutique.
   861 | D:1      | Found a faded altar of an unknown god.
  1183 | D:1      | Reached XP level 3. HP: 24/24 MP: 1/7
  1243 | D:1      | Found Gawil's Armour Boutique.
  1264 | D:1      | Found Papsoj's Antique Armour Emporium.
  1808 | D:2      | Found a shimmering blue altar of Sif Muna.
  1857 | D:2      | Became a worshipper of Sif Muna the Loreminder
  2403 | D:2      | Reached XP level 4. HP: 30/30 MP: 7/9
  2966 | D:3      | Reached * piety under Sif Muna
  3361 | D:3      | Reached skill level 1 in Shields
  3599 | D:3      | Learned a level 1 spell: Magic Dart
  3705 | D:3      | Reached XP level 5. HP: 23/35 MP: 3/11
  3884 | D:3      | Slain by a gnoll

Illustrated notes

Levels and vault maps discovered:
D:1:      shiori_arrival_maze, layout_basic, serial_shops, nicolae_shop_stone,
          shop, nicolae_shop_behind_doors, shop, nicolae_shop_trees,
          basic_ecumenical_altar, chequers_serial_rivers_small_b
D:2:      layout_basic, basic_altar, serial_bayou_pond_d, dk_vineyard_1,
          nrook_mini_backslash, minmay_misc_feat_ornament,
          kennysheep_generic_room_8
D:3:      minmay_razor_zed, layout_loops_ring, uniq_robin

Skill      XL: |  1  2  3  4 |
---------------+-------------+-----
Spellcasting   | 3 4 |  4.1
Stealth        | 2 |  2.2
Dodging        | 2 |  2.1
Shields        | 1 |  1.0
Necromancy     | |  4.9
Invocations    | |  0.4

Action                   |  1- 3 |  4- 6 || total
-------------------------+-------+-------++-------
Melee: Unarmed           |     1 |     4 ||     5
       Dagger            |       |     3 ||     3
 Cast: Pain              |    86 |    84 ||   170
       Magic Dart        |       |     2 ||     2
Armor: Robe              |     2 |     3 ||     5
Dodge: Dodged            |     4 |    25 ||    29
Block: Buckler           |     4 |     7 ||    11

Table legend: (Time is in decaauts)
 A = Elapsed time spent in this place.
 B = Non-inter-level travel time spent in this place.
 C = Inter-level travel time spent in this place.
 D = Time resting spent in this place.
 E = Time spent auto-exploring this place.
 F = Levels seen in this place.
 G = Mean time per level.
                   A        B        C        D        E       F      G
               +--------+--------+--------+--------+--------+-----+--------+
         Total |   3889 |   3813 |     76 |    642 |   2736 |   3 | 1296.3 |
       Dungeon |   3889 |   3813 |     76 |    642 |   2736 |   3 | 1296.3 |
               +--------+--------+--------+--------+--------+-----+--------+

Top non-repeatable levels by time:
     D:1: 1452 daAuts
     D:2: 1330 daAuts
     D:3: 1106 daAuts
